AoeStats
← waLLefps.

Arabia

503596678Analyzed
1v1 RM · 1mo ago on Sep 1, 2026· 42m 30s· 2 players
Game mode
Random Map
Map size
Tiny (2 player)
Population
200
Speed
Normal
Resources
Standard
Victory
Conquest
Starting age
Dark Age
Ending age
Imperial Age
RankedLock teamsTeams togetherTeam positionsShared explorationLock speedFull tech treeHidden civsTurbo modeCheats
Victory
Defeat
🇹🇷 Dravidians · Türkiye
1403
+17
🇦🇷 Magyars · Argentina
1430
-17
waLLefps.
5:00 Loom
8:58 Feudal Age
9:24 Double-Bit Axe
9:27 Horse Collar
15:41 Fletching
24:40 Castle Age
22:58 Padded Archer Armor
23:53 Gold Mining
25:37 Bow Saw
25:27 Elite Skirmisher
26:04 Bodkin Arrow
26:14 Heavy Plow
27:22 Wheelbarrow
30:45 Hand Cart
31:32 Town Watch
36:26 Imperial Age
34:47 Scale Mail Armor
35:21 Ballistics
35:35 Stone Mining
36:01 Chain Mail Armor
36:45 Murder Holes
37:33 Bracer
38:42 Thumb Ring
38:53 Leather Archer Armor
39:10 Plate Mail Armor
41:27 Chemistry
40:39 Husbandry
41:47 Two-Man Saw
42:27 Forging
42:52 Ring Archer Armor
42:46 Conscription
As_Nicodemus_Arg
6:36 Loom
8:52 Feudal Age
8:56 Man-at-Arms
14:51 Fletching
21:34 Castle Age
20:09 Padded Archer Armor
21:37 Crossbowman
22:17 Bodkin Arrow
23:19 Double-Bit Axe
25:36 Bow Saw
27:27 Horse Collar
29:30 Gold Mining
30:22 Town Watch
30:47 Scale Barding Armor
32:53 Bloodlines
34:18 Chain Barding Armor
40:06 Imperial Age
38:42 Wheelbarrow
38:30 Thumb Ring
40:00 Husbandry
40:23 Cavalier
42:33 Plate Barding Armor
42:10 Light Cavalry
Connection lost

Rejoining the realm…

Still unreachable

The connection could not be restored.

Session expired

The server has moved on; the page needs a fresh start.